 Dungeon Crawl Stone Soup version 0.22.0-40-g68aacdc4c8 (webtiles) character file.

248527 Jannitor the Brawler (level 19, -6/155 HPs)
             Began as a Demonspawn Transmuter on Aug 31, 2018.
             Was the Champion of Wu Jian.
             Mangled by a crystal guardian (27 damage)
             ... in the Desolation of Salt on Sept 1, 2018.
             The game lasted 01:38:46 (46214 turns).

Jannitor the Brawler (Demonspawn Transmuter)       Turns: 46214, Time: 01:38:47

Health: -6/155     AC: 23    Str: 20    XL:     19   Next: 25%
Magic:  23/23      EV: 27    Int: 16    God:    Wu Jian [******]
Gold:   481        SH: 16    Dex: 25    Spells: 8/23 levels left

rFire    + + .     SeeInvis +     - Unarmed
rCold    . . .     Gourm    .   V - +3 warlock's mirror {reflect}
rNeg     + . .     Faith    .   Q - +2 chain mail {rN+}
rPois    +         Spirit   .   O - +2 helmet of Ukifos {rF+ Str+3}
rElec    +         Reflect  +   z - +2 cloak {+Inv}
rCorr    .         Harm     .   (gloves unavailable)
MR       ++...                  Y - +0 pair of boots of Monotheism {rF+ MR+}
Stlth    ..........             y - amulet of the Air {Inacc +Fly rElec EV+5 RMsl}
HPRegen  0.35/turn              I - ring of poison resistance
MPRegen  0.18/turn              l - +6 ring of dexterity

@: agile, very slightly contaminated, glowing, repel missiles, heavenly storm
A: claws 3, large bone plates 2, see invisible, deterioration 1, powered by pain
3, spiny 3
}: 1/15 runes: serpentine
a: Wall Jump, Serpent's Lash, Heavenly Storm, Renounce Religion, Evoke
Invisibility, Evoke Flight


You were in the Desolation of Salt.
You worshipped Wu Jian.
Wu Jian was exalted by your worship.
You were not hungry.

You visited 6 branches of the dungeon, and saw 31 of its levels.
You visited 1 bazaar.
You also visited: Desolation.

You collected 3505 gold pieces.
You spent 3024 gold pieces at shops.

Inventory:

Hand Weapons
 K - a +0 blowgun
Missiles
 a - 774 arrows
 L - 14 curare-tipped needles
Armour
 q - a scarf of cloud immunity
 z - a +2 cloak of invisibility (worn)
 G - a +2 ring mail of cold resistance
 O - the +2 helmet of Ukifos (worn) {rF+ Str+3}
   (You found it on level 14 of the Dungeon)

   It affects your strength (+3).
   It protects you from fire.
 Q - a +2 chain mail of positive energy (worn)
 V - the +3 warlock's mirror (worn) {reflect}
   (You found it on level 5 of the Lair of Beasts)
 Y - the +0 pair of boots of Monotheism (worn) {rF+ MR+}
   (You found it on level 6 of the Lair of Beasts)

   It protects you from fire.
   It affects your resistance to hostile enchantments.
Jewellery
 b - an uncursed ring of ice
 j - an uncursed ring of magical power {unknown}
 l - a +6 ring of dexterity (right claw)
 x - an uncursed amulet of guardian spirit
 y - the amulet of the Air (around neck) {Inacc +Fly rElec EV+5 RMsl}
   (You bought it in a shop on level 2 of the Orcish Mines)

   [amulet of inaccuracy]

   It reduces the accuracy of all your attacks.
   It affects your evasion (+5).
   It insulates you from electricity.
   It lets you fly.
   It protects you from missiles.
 C - an uncursed ring of protection from magic {unknown}
 I - a ring of poison resistance (left claw)
 R - an uncursed ring of positive energy
Wands
 i - a wand of polymorph (4)
 t - a wand of iceblast (5)
 D - a wand of acid (9)
 F - a wand of enslavement (39)
 H - a wand of disintegration (12)
 S - a wand of flame (53)
 X - a wand of random effects (27)
Scrolls
 c - 16 scrolls of identify
 e - 18 scrolls of remove curse
 k - 2 scrolls of blinking
 m - 3 scrolls of fear
 p - 5 scrolls of fog
 u - 6 scrolls of enchant weapon
 M - a scroll of enchant armour
 N - 2 scrolls of summoning
 T - 2 scrolls of amnesia
 W - a scroll of acquirement
Potions
 f - a potion of resistance
 g - 2 potions of curing
 h - 7 potions of lignification
 n - a potion of berserk rage
 o - 4 potions of agility
 s - 5 potions of brilliance
 v - a potion of haste
 w - 2 potions of invisibility
 A - 2 potions of flight
 E - a potion of magic
 P - 2 potions of mutation
Comestibles
 d - 36 rations


   Skills:
 + Level 15.2 Fighting
 + Level 13.6 Armour
 + Level 11.4 Dodging
 - Level 6.1 Shields
 * Level 19.2 Unarmed Combat
 - Level 2.8 Spellcasting
 + Level 4.0 Conjurations
 + Level 9.3 Transmutations
 - Level 5.7 Ice Magic


You had 8 spell levels left.
You knew the following spells:

 Your Spells              Type           Power        Failure   Level  Hunger
a - Beastly Appendage     Tmut           ####..       2%          1    #......
b - Sticks to Snakes      Tmut           ####....     3%          2    ##.....
c - Spider Form           Tmut/Pois      ###.......   43%         3    ###....
d - Ice Form              Ice/Tmut       ####....     43%         4    #####..
e - Irradiate             Conj/Tmut      ###.......   88%         5    ######.

Your spell library contained the following spells:

 Spells                   Type           Power        Failure   Level  Hunger
 Searing Ray              Conj           ###...       30%         2    ##.....
 Flame Tongue             Conj/Fire      #....        43%         1    #......
 Shock                    Conj/Air       #...         43%         1    #......
 Blade Hands              Tmut           ####......   54%         5    ######.
 Throw Flame              Conj/Fire      #.....       58%         2    ##.....
 Animate Skeleton         Necr           N/A          73%         1    #......
 Apportation              Tloc           #.....       73%         1    #......
 Confusing Touch          Hex            #.....       73%         1    #......
 Summon Small Mammal      Summ           #...         73%         1    #......
 Conjure Flame            Conj/Fire      #.......     82%         3    ###....
 Static Discharge         Conj/Air       #.......     82%         3    ###....
 Throw Icicle             Conj/Ice       ###.....     82%         4    #####..
 Call Imp                 Summ           #.......     86%         2    ##.....
 Swiftness                Chrm/Air       #.......     86%         2    ##.....
 Mephitic Cloud           Conj/Pois/Air  #.......     88%         3    ###....
 Call Canine Familiar     Summ           #.......     97%         3    ###....
 Recall                   Summ/Tloc      N/A          97%         3    ###....
 Summon Guardian Golem    Hex/Summ       #.......     97%         3    ###....
 Summon Ice Beast         Ice/Summ       ##......     98%         4    #####..
 Hydra Form               Tmut           ####......   98%         6    #######
 Sticky Flame             Conj/Fire      #.......     99%         4    #####..
 Airstrike                Air            #.........   100%        4    #####..
 Animate Dead             Necr           N/A          100%        4    #####..
 Summon Lightning Spire   Summ/Air       #.......     100%        4    #####..
 Aura of Abjuration       Summ           #.........   100%        5    ######.
 Bolt of Draining         Conj/Necr      #.........   100%        5    ######.
 Bolt of Magma            Conj/Fire/Erth #.........   100%        5    ######.
 Borgnjor's Vile Clutch   Necr/Erth      #.........   100%        5    ######.
 Lightning Bolt           Conj/Air       #.........   100%        5    ######.
 Summon Demon             Summ           #.........   100%        5    ######.
 Summon Forest            Summ/Tloc      #.........   100%        5    ######.
 Summon Mana Viper        Hex/Summ       #.......     100%        5    ######.
 Venom Bolt               Conj/Pois      #.........   100%        5    ######.
 Bolt of Cold             Conj/Ice       ###.......   100%        6    #######
 Death Channel            Necr           #.........   100%        6    #######
 Shadow Creatures         Summ           N/A          100%        6    #######
 Simulacrum               Ice/Necr       ##........   100%        6    #######
 Statue Form              Tmut/Erth      ###......    100%        6    #######
 Dragon Form              Tmut           ####......   100%        7    #######
 Ignition                 Fire           #.........   100%        8    #######


Dungeon Overview and Level Annotations

Branches:
Dungeon (15/15)            Temple (1/1) D:7            Lair (6/6) D:8
  Swamp (0/4) Lair:4        Snake (4/4) Lair:2        Slime (0/5) Lair:5
    Orc (2/2) D:10            Elf (0/3) Orc:2        Vaults (3/5) D:14
  Crypt (0/3) Vaults:3     Depths (0/5) D:15

Altars:
Ashenzari
Cheibriados
Dithmenos
Elyvilon
Fedhas
Gozag
Hepliaklqana
Kikubaaqudgha
Makhleb
Nemelex Xobeh
Okawaru
Qazlal
Ru
Sif Muna
Trog
Uskayaw
Vehumet
Wu Jian
Xom
Yredelemnul
Zin
The Shining One
Jiyva

Shops:
D:6 !(%}   D:10 !![   D:12 (   Orc:2 ([!=   Snake:1 =([!   Vaults:1 (
Vaults:3 !

Portals:
Trove: D:14 (give +3 storm dragon scales)

Annotations:
D:3 1 runed door
D:9 Gastronok
D:10 1 transporter
Lair:1 1 runed door, loom's ghost, journeyman DrTm


Innate Abilities, Weirdness & Mutations

You have claws for hands.
You are mostly covered in large bone plates. (SH +6)
You are powered by pain.
You are completely covered in sharp spines.
You have supernaturally acute eyesight. (SInv)
Your body sometimes deteriorates upon taking damage.


Message History

The saltling is lightly damaged.
You mangle the saltling!!
The saltling is severely damaged.
You spin and attack the saltling.
You closely miss the saltling.
The saltling hits you but does no damage.
The saltling completely misses you.
The peacekeeper roars a battlecry!
You hear a shout!
Things that are here:
a scimitar; a ring mail Unknown command.
You spin and attack the saltling.
You mangle the saltling!!
You destroy the saltling!
The Council accepts your kill.
You spin and attack the saltling.
You mangle the saltling!!
You destroy the saltling!
The Council accepts your kill.
The crystal guardian is struck by your spines.
The crystal guardian hits you!!
You die...

# ## ### ####
..... #### #§§#
..... ####. #@§#
..L..
####..#88######
.....
####..8ppp8p8888
.....
####..8p.§.p888.
.....
####.....p.p898.
.....
####......p888..
#....
####.......p8p..
.....
####............
.8...
####...#........
....8


You could see a ragged hierophant, 2 servants of whispers, a crystal guardian, a
peacekeeper and a saltling.

Vanquished Creatures
  Vashnia (Snake:3)
  Boris (Vaults:2)
  Nikola (Snake:1)
  An ancient champion (Vaults:3)
  Frances (D:13)
  A sphinx (Vaults:2)
  7 nagarajas
  Louise (Snake:3)
  2 imperial myrmidons (Desolation)
  6 vault wardens
  A stone giant (Vaults:3)
  7 ironheart preservers
  2 entropy weavers
  4 very ugly things (Vaults:2)
  A deep elf demonologist (Vaults:3)
  Azrael (D:13)
  A dire elephant (D:15)
  A halazid warlock (Desolation)
  An ettin (Vaults:1)
  A fire dragon (Vaults:1)
  A deep elf death mage (Vaults:1)
  2 yaktaur captains
  18 naga warriors
  A great orb of eyes (Vaults:2)
  Harold (Orc:1)
  A ragged hierophant (Desolation)
  2 rakshasas (Vaults:2)
  10 vault guards
  6 peacekeepers
  4 hydras
  2 ice dragons
  11 anacondas
  A catoblepas (shapeshifter) (D:14)
  2 centaur warriors
  5 catoblepae
  9 two-headed ogres
  2 deep troll shamans (Vaults:1)
  7 death yaks
  2 ogre magi
  3 orc high priests (Orc:2)
  2 tengu warriors (D:13)
  11 naga sharpshooters
  Urug (D:12)
  8 shock serpents
  6 deep elf knights
  Sonja (D:12)
  A storm dragon zombie (Vaults:2)
  3 salamander mystics
  5 unseen horrors
  A glowing orange brain (Snake:1)
  A flayed ghost (Vaults:2)
  3 wizards
  6 naga ritualists
  8 deep trolls
  3 wolf spiders
  4 necromancers
  5 ironbrand convokers
  9 mana vipers
  12 orc knights
  2 deep elf archers
  5 harpies (Vaults:2)
  7 orc sorcerers
  22 ugly things
  14 salamanders
  3 cyclopes (Vaults:1)
  9 elephants (Lair:6)
  5 manticores
  9 deep elf magi
  A tengu skeleton (Vaults:2)
  Maurice (D:13)
  12 guardian serpents
  27 black mambas
  27 naga magi
  8 vault sentinels
  4 gargoyles
  9 spiny frogs
  3 centaur skeletons
  An eye of devastation (Lair:5)
  A rime drake (Lair:2)
  6 komodo dragons
  12 yaktaurs
  A kobold demonologist (D:15)
  4 freezing wraiths
  A polar bear (Lair:5)
  4 trolls
  A polar bear (shapeshifter) (Vaults:2)
  Prince Ribbit (D:9)
  3 hornets
  25 saltlings
  11 slime creatures
  An ettin zombie (Vaults:1)
  A dream sheep (shapeshifter) (Vaults:3)
  9 blink frogs
  7 dream sheep (Lair:6)
  A fire giant simulacrum (Vaults:2)
  8 hippogriffs
  A shadow (D:15)
  7 redbacks
  A yak (shapeshifter) (Vaults:2)
  50 yaks
  3 wyverns
  21 humans
  2 basilisks
  Grum (D:9)
  4 fire elementals (D:13)
  2 wraiths
  A golden eye (shapeshifter) (Vaults:1)
  A steam dragon (D:12)
  74 nagas
  8 wargs
  An acid dragon (Vaults:1)
  12 water moccasins
  A floating eye (shapeshifter) (Vaults:1)
  A hell hound (D:13)
  10 porcupines
  2 eyes of draining
  30 orc warriors
  2 ice beasts
  5 sky beasts
  2 black bears (D:11)
  A phantom (D:4)
  A necrophage (D:6)
  3 boggarts (Vaults:1)
  3 human zombies
  18 ogres
  18 centaurs
  42 wolves
  3 human skeletons
  11 crocodiles
  A big kobold (D:11)
  Blork the orc (D:5)
  9 bullfrogs
  2 scorpions
  9 killer bees
  3 howler monkeys
  A human simulacrum (Vaults:2)
  5 electric eels
  9 crimson imps
  5 centaur zombies
  A quasit (D:6)
  4 hounds
  16 orc priests
  2 jellies
  3 bullfrog skeletons
  Jessica (D:3)
  4 iguanas
  22 orc wizards
  Natasha (twice) (D:3 D:2)
  6 hell rats (Lair:5)
  15 worker ants
  A hound zombie (D:7)
  2 hound skeletons
  2 howler monkey skeletons
  A gnoll (D:1)
  11 adders
  5 shadow imps
  4 worms
  A worm (shapeshifter) (Vaults:2)
  3 dart slugs
  5 leopard geckos
  58 orcs
  8 giant cockroaches
  9 goblins
  5 hobgoblins
  6 jackals
  3 quokkas
  5 ball pythons
  5 bats
  3 frilled lizards
  6 kobolds
  A quokka skeleton (D:4)
  6 rats
  2 crawling corpses (Vaults:1)
1103 creatures vanquished.

Vanquished Creatures (collateral kills)
  3 orcs (D:5)
3 creatures vanquished.

Vanquished Creatures (others)
  2 naga sharpshooters (Snake:4)
  2 deep elf archers (Vaults:2)
  A naga mage (Snake:4)
  A spiny frog (Lair:2)
  A yaktaur (Vaults:3)
  A naga (Snake:4)
  2 centaurs
  An orc (Vaults:2)
  3 bushes (D:8)
  5 fungi
  17 plants
36 creatures vanquished.

Grand Total: 1142 creatures vanquished

Notes
Turn   | Place    | Note
-------+----------+-------------------------------------------
     0 | D:1      | Jannitor the Demonspawn Transmuter began the quest for the Orb.
     0 | D:1      | Reached XP level 1. HP: 15/15 MP: 3/3
    52 | D:1      | Gained mutation: You have sharp fingernails. [demonic ancestry]
    52 | D:1      | Reached XP level 2. HP: 20/21 MP: 3/5
   427 | D:1      | Reached skill level 3 in Unarmed Combat
   597 | D:1      | Gained mutation: You sometimes gain a little power by taking damage. [demonic ancestry]
   597 | D:1      | Reached XP level 3. HP: 19/26 MP: 6/6
  1311 | D:1      | Learned a level 2 spell: Sticks to Snakes
  1685 | D:2      | Reached XP level 4. HP: 31/33 MP: 7/7
  1881 | D:3      | Noticed Jessica
  1896 | D:3      | Killed Jessica
  1962 | D:3      | Noticed Natasha
  1979 | D:3      | Killed Natasha
  2213 | D:3      | Noticed Natasha
  2246 | D:2      | Killed Natasha
  2246 | D:2      | Reached skill level 4 in Unarmed Combat
  2246 | D:2      | Reached XP level 5. HP: 27/39 MP: 8/8
  2723 | D:3      | Found a runed door.
  3297 | D:4      | Gained mutation: You have very sharp fingernails. [demonic ancestry]
  3297 | D:4      | Reached XP level 6. HP: 47/47 MP: 7/9
  4115 | D:4      | Reached skill level 1 in Shields
  4134 | D:4      | Reached skill level 5 in Unarmed Combat
  4445 | D:5      | Entered Level 5 of the Dungeon
  4469 | D:5      | Noticed Blork the orc
  4477 | D:5      | Found a hazy altar of Hepliaklqana.
  4713 | D:5      | Gained mutation: You sometimes gain power by taking damage. [demonic ancestry]
  4713 | D:5      | Reached XP level 7. HP: 35/52 MP: 5/10
  4987 | D:5      | Found a glowing silver altar of Zin.
  4991 | D:5      | Found a shattered altar of Ashenzari.
  5187 | D:6      | Found Dacveg's Distillery.
  5197 | D:6      | Bought 2 potions of brilliance for 96 gold pieces
  5197 | D:6      | Bought a potion of might for 48 gold pieces
  5197 | D:6      | Bought a potion of curing for 36 gold pieces
  5449 | D:6      | Reached skill level 6 in Unarmed Combat
  5449 | D:6      | Gained mutation: You are partially covered in sharp spines. [demonic ancestry]
  5449 | D:6      | Reached XP level 8. HP: 45/60 MP: 9/11
  5643 | D:6      | Found a burning altar of Makhleb.
  5644 | D:6      | Found a radiant altar of Vehumet.
  6053 | D:6      | Found Anokhoas's Food Boutique.
  6094 | D:6      | Found Kishruf's Gadget Emporium.
  6390 | D:6      | Found Ynymp's Antique Weapon Boutique.
  6549 | D:7      | Found a staircase to the Ecumenical Temple.
  6847 | D:7      | Reached skill level 7 in Unarmed Combat
  6954 | D:7      | Learned a level 3 spell: Spider Form
  7031 | D:7      | Reached skill level 5 in Shields
  7041 | D:7      | Found a sacrificial altar of Ru.
  7084 | D:7      | Reached skill level 5 in Fighting
  7084 | D:7      | Reached XP level 9. HP: 48/67 MP: 10/12
  7155 | D:7      | Found a snail-covered altar of Cheibriados.
  7180 | Temple   | Entered the Ecumenical Temple
  7220 | Temple   | Became a worshipper of the Wu Jian Council
  7311 | D:7      | Found a sparkling altar of Nemelex Xobeh.
  7422 | D:7      | Reached skill level 5 in Transmutations
  7638 | D:7      | Found a deep blue altar of Sif Muna.
  8132 | D:5      | Killed Blork the orc
  8229 | D:8      | Noticed a two-headed ogre
  8660 | D:8      | Reached skill level 8 in Unarmed Combat
  9172 | D:8      | Found a staircase to the Lair.
  9203 | D:8      | Reached * piety under Wu Jian
  9203 | D:8      | Reached skill level 1 in Armour
  9692 | D:8      | Gained mutation: You are partially covered in large bone plates. (SH +4) [demonic ancestry]
  9692 | D:8      | Reached XP level 10. HP: 56/76 MP: 13/13
 10124 | D:9      | Noticed Prince Ribbit
 10331 | D:9      | Killed Prince Ribbit
 10331 | D:9      | Reached skill level 9 in Unarmed Combat
 10503 | D:9      | Noticed Grum
 10543 | D:9      | Killed Grum
 10543 | D:9      | Reached ** piety under Wu Jian
 10543 | D:9      | Reached skill level 5 in Armour
 10849 | D:9      | Found a bloodstained altar of Trog.
 10974 | D:9      | Noticed Gastronok
 11376 | D:9      | Found a basalt altar of Yredelemnul.
 11376 | D:9      | Found a shadowy altar of Dithmenos.
 11551 | D:8      | Upgraded the game from 0.22.0-38-g04b72b8c25 to 0.22.0-40-g68aacdc4c8
 11757 | Lair:1   | Entered Level 1 of the Lair of Beasts
 12063 | D:8      | Reached skill level 10 in Unarmed Combat
 12211 | D:8      | Reached XP level 11. HP: 38/84 MP: 14/14
 12509 | D:8      | Gained mutation: Your body sometimes deteriorates upon taking damage. [potion of mutation]
 12509 | D:8      | Gained mutation: You have supernaturally acute eyesight. (SInv) [potion of mutation]
 12782 | D:7      | Killed a two-headed ogre
 13415 | Lair:1   | Found a runed door.
 13418 | Lair:1   | Noticed loom's ghost (journeyman DrTm)
 13775 | Lair:1   | Noticed an eight-headed hydra
 13851 | Lair:2   | Noticed a catoblepas
 13855 | Lair:2   | Noticed a catoblepas
 13880 | Lair:2   | HP: 4/86 [something/blast of calcifying dust (2)]
 14116 | Lair:2   | Noticed a six-headed hydra
 14158 | Lair:2   | Learned a level 4 spell: Ice Form
 15028 | D:10     | Entered Level 10 of the Dungeon
 15380 | D:10     | Found Lyonimuth's Armour Shop.
 15392 | D:10     | Found Enef's Distillery.
 15407 | D:10     | Bought a potion of berserk rage for 60 gold pieces
 15407 | D:10     | Bought a potion of degeneration for 12 gold pieces
 15423 | D:10     | Found a staircase to the Orcish Mines.
 15442 | D:10     | Found Imyforen's Distillery.
 15448 | D:10     | Bought a potion of flight for 42 gold pieces
 15448 | D:10     | Bought a potion of resistance for 140 gold pieces
 15448 | D:10     | Bought a potion of ambrosia for 112 gold pieces
 15467 | D:10     | Noticed an unseen horror
 15513 | D:10     | Reached *** piety under Wu Jian
 16093 | D:10     | Killed an unseen horror
 16093 | D:10     | Reached skill level 1 in Ice Magic
 16258 | D:10     | Found a transporter.
 16660 | D:10     | Found a viscous altar of Jiyva.
 16776 | D:11     | Reached skill level 11 in Unarmed Combat
 17361 | D:12     | Found Utuerr's Antique Weapon Shoppe.
 17755 | D:12     | Noticed Sonja
 17758 | D:12     | Killed Sonja
 17758 | D:12     | Gained mutation: You are powered by pain. [demonic ancestry]
 17758 | D:12     | Reached XP level 12. HP: 94/94 MP: 15/15
 17946 | D:12     | Noticed Urug
 17957 | D:12     | Killed Urug
 18617 | D:12     | Noticed a two-headed ogre
 18633 | D:12     | Killed a two-headed ogre
 18727 | D:12     | Reached **** piety under Wu Jian
 19053 | D:13     | Noticed Frances
 19068 | D:13     | Killed Frances
 19081 | D:13     | Noticed Nessos
 19085 | D:13     | Noticed a two-headed ogre
 19379 | D:12     | Killed a two-headed ogre
 19574 | D:13     | Noticed Azrael
 19966 | D:13     | Killed Azrael
 19982 | D:13     | Reached skill level 12 in Unarmed Combat
 20314 | D:13     | Noticed a two-headed ogre
 20789 | D:13     | Noticed a tengu warrior
 20789 | D:13     | Noticed a tengu warrior
 20831 | D:13     | Killed a tengu warrior
 20842 | D:13     | Killed a tengu warrior
 21068 | D:13     | Noticed Maurice
 21077 | D:13     | Killed Maurice
 21089 | D:13     | Killed a two-headed ogre
 21260 | D:13     | Noticed Nessos
 21260 | D:13     | Nessos changed into Nessos the redback
 21272 | D:13     | Killed Nessos the redback
 21296 | D:13     | Got a sparkling bronze amulet
 21372 | D:13     | Identified the amulet of Acryrphi {Inacc +Fly Str+4 Int+4} (You found it on level 13 of the Dungeon)
 21378 | D:13     | Reached XP level 13. HP: 84/101 MP: 12/16
 21891 | D:14     | Found a glowing silver altar of Zin.
 21914 | D:14     | Got a faintly humming helmet
 21951 | D:14     | Identified the +2 helmet of Ukifos {rF+ Str+3} (You found it on level 14 of the Dungeon)
 22172 | D:14     | Found a portal to a secret trove of treasure.
 22298 | D:14     | Reached skill level 10 in Armour
 22630 | D:14     | Reached ***** piety under Wu Jian
 22633 | D:14     | Reached skill level 5 in Ice Magic
 22672 | D:14     | Found a gate to the Vaults.
 22960 | D:14     | Identified Sif Muna's Guide on the Volcanoes
 23595 | Lair:2   | Found a staircase to the Snake Pit.
 23609 | Lair:2   | Reached skill level 10 in Fighting
 23794 | Lair:2   | Reached skill level 13 in Unarmed Combat
 25395 | Lair:4   | Gained mutation: You have claws for hands. [demonic ancestry]
 25395 | Lair:4   | Reached XP level 14. HP: 80/110 MP: 15/17
 25607 | Lair:4   | Found a staircase to the Swamp.
 26653 | Lair:5   | Found a staircase to the Slime Pits.
 26979 | Lair:5   | Found the +3 warlock's mirror {reflect}
 27800 | Lair:6   | Entered Level 6 of the Lair of Beasts
 28096 | Lair:6   | Found a shattered altar of Ashenzari.
 28743 | Lair:6   | Reached skill level 14 in Unarmed Combat
 28876 | Lair:6   | Reached ****** piety under Wu Jian
 29391 | Lair:6   | Got a pair of smoking boots
 29402 | Lair:6   | Identified the +0 pair of boots of Monotheism {rF+ MR+} (You found it on level 6 of the Lair of Beasts)
 29404 | Lair:6   | Identified the Grimoire of Arcane Weapons
 29726 | Orc:1    | Entered Level 1 of the Orcish Mines
 29814 | Orc:1    | Noticed Harold
 29823 | Orc:1    | Killed Harold
 30082 | Orc:2    | Entered Level 2 of the Orcish Mines
 30108 | Orc:2    | Found a flickering gateway to a bazaar.
 30114 | Orc:2    | Reached skill level 5 in Dodging
 30250 | Bazaar   | Entered a bazaar
 30250 | Bazaar   | Found Nuovig's Weapon Shop.
 30250 | Bazaar   | Found Hesit's Magic Scroll Shoppe.
 30250 | Bazaar   | Found Cuwnypt's Antique Armour Shop.
 30253 | Bazaar   | Found Zoarick's Book Shoppe.
 30273 | Bazaar   | Bought a scroll of blinking for 60 gold pieces
 30273 | Bazaar   | Bought a scroll of identify for 16 gold pieces
 30273 | Bazaar   | Bought a scroll of acquirement for 416 gold pieces
 30273 | Bazaar   | Bought a scroll of summoning for 76 gold pieces
 30273 | Bazaar   | Bought a scroll of teleportation for 24 gold pieces
 30273 | Bazaar   | Bought a scroll of blinking for 60 gold pieces
 30311 | Bazaar   | Bought a book of Transfigurations for 880 gold pieces
 30399 | Orc:2    | Found Duoclac's Antique Weapon Boutique.
 30695 | Orc:1    | Gained mutation: You are mostly covered in sharp spines. [demonic ancestry]
 30695 | Orc:1    | Reached XP level 15. HP: 105/119 MP: 17/19
 31134 | Orc:2    | Found Faec Ceu's Antique Armour Boutique.
 31135 | Orc:2    | Found Qak Umae's Jewellery Shoppe.
 31137 | Orc:2    | Found Keoqez's Distillery.
 31337 | Orc:2    | Found a bloodstained altar of Trog.
 31390 | Orc:2    | Found a staircase to the Elven Halls.
 31655 | Orc:2    | Bought the amulet of the Air {Inacc +Fly rElec EV+5 RMsl} for 666 gold pieces
 31655 | Orc:2    | Found the amulet of the Air {Inacc +Fly rElec EV+5 RMsl}
 31783 | D:15     | Entered Level 15 of the Dungeon
 31827 | D:15     | Found a staircase to the Depths.
 31930 | D:15     | Reached skill level 15 in Unarmed Combat
 32269 | D:15     | Found a glowing golden altar of the Shining One.
 32696 | Snake:1  | Entered Level 1 of the Snake Pit
 32726 | Snake:1  | Found Rutijats's Distillery.
 32886 | Snake:1  | Noticed Nikola
 32897 | Snake:1  | Killed Nikola
 33224 | Snake:1  | Found Ovaucis's Antique Weapon Boutique.
 33224 | Snake:1  | Found Saexom's Jewellery Shop.
 33251 | Snake:1  | Noticed a nagaraja
 33263 | Snake:1  | Killed a nagaraja
 33595 | Snake:1  | Found Lowiugir's Armour Boutique.
 35163 | Snake:3  | Found an ornate altar of the Wu Jian Council.
 35200 | Snake:3  | Reached skill level 16 in Unarmed Combat
 35505 | Snake:3  | Reached XP level 16. HP: 121/129 MP: 20/20
 35589 | Snake:3  | Noticed Louise
 35614 | Snake:3  | Killed Louise
 35853 | Snake:3  | Noticed Vashnia
 35873 | Snake:3  | Killed Vashnia
 36525 | Snake:4  | Entered Level 4 of the Snake Pit
 37733 | Snake:4  | Reached skill level 17 in Unarmed Combat
 38448 | Snake:4  | Gained mutation: You are mostly covered in large bone plates. (SH +6) [demonic ancestry]
 38448 | Snake:4  | Reached XP level 17. HP: 119/137 MP: 21/21
 39157 | Snake:4  | Got a serpentine rune of Zot
 39890 | Vaults:1 | Entered Level 1 of the Vaults
 40148 | Vaults:1 | Got a brightly glowing helmet
 40164 | Vaults:1 | Reached skill level 10 in Dodging
 40595 | Vaults:1 | Paralysed by a floating eye for 2 turns
 40957 | Vaults:1 | Found Etsual's Antique Weapon Shoppe.
 41031 | Vaults:1 | Reached skill level 18 in Unarmed Combat
 41968 | Vaults:2 | Gained mutation: You are completely covered in sharp spines. [demonic ancestry]
 41968 | Vaults:2 | Reached XP level 18. HP: 104/147 MP: 22/22
 42639 | Vaults:2 | Noticed Boris
 42980 | Vaults:2 | Killed Boris
 44437 | Vaults:2 | Learned a level 5 spell: Irradiate
 44699 | Vaults:2 | Reached skill level 1 in Conjurations
 45950 | Vaults:3 | Identified the +0 helmet of the Sacrificial Victim {*Drain rElec Int+3} (You acquired it on level 1 of the Vaults)
 45966 | Vaults:3 | Found Bages's Distillery.
 45974 | Vaults:3 | Bought 2 potions of haste for 280 gold pieces
 46012 | Vaults:3 | Reached skill level 15 in Fighting
 46094 | Vaults:3 | Found a ruined gateway.
 46118 | Vaults:3 | Reached skill level 19 in Unarmed Combat
 46133 | Vaults:3 | Reached XP level 19. HP: 89/155 MP: 23/23
 46152 | Desolati | Entered the Desolation of Salt
 46178 | Desolati | Identified the Collected Works on Conjuration and the Frostbite
 46214 | Desolati | Mangled by a crystal guardian

Skill      XL: |  1  2  3  4  5  6  7  8  9 10 11 12 13 14 15 16 17 18 19 |
---------------+----------------------------------------------------------+-----
Dodging        | 2 5 7 9 10 11 | 11.4
Transmutations | 2 3 4 5 6 7 8 9 |  9.3
Unarmed Combat | 3 4 5 6 7 8 10 11 12 13 14 16 17 18 19 | 19.2
Fighting       | 2 3 4 5 6 7 8 9 10 11 12 13 14 15 | 15.2
Shields        | 1 3 5 6 |  6.1
Armour         | 2 5 8 9 10 11 12 13 | 13.6
Ice Magic      | 2 4 5 |  5.7
Conjurations   | 3 4 |  4.0
Spellcasting   | |  2.8

Action                   |  1- 3 |  4- 6 |  7- 9 | 10-12 | 13-15 | 16-18 | 19-21 || total
-------------------------+-------+-------+-------+-------+-------+-------+-------++-------
Melee: Unarmed           |   114 |   162 |   246 |   751 |  1385 |  1975 |   145 ||  4778
       Kick              |    10 |    18 |    21 |       |       |       |       ||    49
       Headbutt          |     5 |    14 |    27 |    13 |       |       |       ||    59
       Punch             |     2 |     3 |       |       |       |       |       ||     5
 Cast: Beastly Appendage |    22 |    23 |    27 |     8 |       |       |       ||    80
       Sticks to Snakes  |     3 |     7 |     5 |     4 |       |     6 |       ||    25
       Ice Form          |       |       |       |       |     3 |       |       ||     3
Invok: Lunge             |       |       |     6 |    58 |    92 |   102 |     5 ||   263
       Whirlwind         |       |       |       |   107 |   214 |   328 |    78 ||   727
       Wall Jump         |       |       |       |    11 |    18 |    25 |     4 ||    58
       Heavenly Storm    |       |       |       |       |     1 |     4 |     1 ||     6
       Serpent's Lash    |       |       |       |       |       |     1 |       ||     1
Evoke: Wand              |       |       |     3 |    26 |    19 |    10 |       ||    58
  Use: Scroll            |     2 |     2 |     5 |    11 |    11 |    15 |     2 ||    48
       Potion            |     2 |       |     6 |    15 |     3 |    10 |     6 ||    42
 Stab: Sleeping          |     1 |     2 |     2 |     1 |       |       |       ||     6
       Distracted        |       |     1 |       |       |     1 |     1 |     1 ||     4
       Paralysed         |       |       |       |    14 |       |       |       ||    14
       Petrified         |       |       |       |       |     1 |       |       ||     1
       Petrifying        |       |       |       |       |     1 |       |       ||     1
  Eat: Chunk             |     3 |     7 |    10 |    31 |    36 |    23 |     1 ||   111
       Ration            |       |     1 |     2 |     2 |     3 |     4 |       ||    12
Armor: Robe              |    27 |    12 |    11 |       |       |       |       ||    50
       Scale mail        |       |       |     9 |       |       |       |       ||     9
       Skin              |       |       |     3 |    90 |     1 |       |       ||    94
       Ring mail         |       |       |     1 |   144 |   253 |     7 |       ||   405
       Chain mail        |       |       |       |       |       |   267 |    14 ||   281
Dodge: Dodged            |    70 |    77 |   110 |   253 |   425 |   601 |    46 ||  1582
       Deflected         |       |       |       |       |    22 |    56 |       ||    78
Block: Buckler           |       |     7 |    66 |   304 |   552 |   885 |    41 ||  1855
       Reflection        |       |       |       |       |    37 |   126 |     5 ||   168
